Unix xNetHack Version 7.1.0 - last build Jul 4 2022 02:09:00 (ec8469f2eb63cac24863ec985b09651f3a72bf9f). Game began 2022-07-08 09:13:10, ended 2022-07-08 10:03:07. Raisse, neutral female gnomish Wizard -------- ---.|....| |...0....|---------- |.-.00-00|.|.......| |.00-......|.......| |.-..0.|...|.......| |....-0--0-|...<...| |......0...|.......| |a--...|...|.......| |G%.0-.|---|.......| ---....-----------+| |...>....^^^^^^^.| ------------------ Raisse the Conjurer St:10 Dx:13 Co:15 In:19 Wi:10 Ch:10 Neutral Dlvl:3 $:41 HP:0(40) Pw:4(33) AC:7 Xp:5/197 T:5082 Latest messages: The boulder falls into and plugs a hole in the floor! With great effort you move the boulder. You see here a food ration. You have a little trouble lifting e - an uncursed food ration {20}. With great effort you move the boulder. With great effort you move the boulder. The boulder falls into and plugs a hole in the floor! You have a little trouble lifting c - a topaz ring {3}. With great effort you move the boulder. With great effort you move the boulder. The boulder falls into and plugs a hole in the floor! You fall down the stairs. What kinds of thing do you want to drop? [$)(=%?![/ BUXPai] % What kinds of thing do you want to drop? [$)(=%?![/ BUXPai] m You drop a hooded cloak {10}. What do you want to wear? [M or ?*] M You finish your dressing maneuver. What do you want to adjust? [a-cei-lo-rt-xACDHJM-PRT-Z or ?*] M Adjust letter to what [df-hmnsyzBE-GIK-MQS] (? see used letters)? B Moving: B - a +0 pair of walking shoes (being worn) {8}. What kinds of thing do you want to drop? [$)(=%?![/ BUXPai] m What kinds of thing do you want to drop? [$)(=%?![/ BUXPai] % You drop 8 uncursed food rations {160}. Your movements are now unencumbered. You climb up the stairs. With great effort you move the boulder. You see a soldier ant drop out of your pack! In what direction? l The magic missile hits the soldier ant! You see a soldier ant drop out of your pack! In what direction? l You kill the soldier ant! The magic missile bounces! You don't have enough energy to cast that spell. You hit the soldier ant. The soldier ant bites! The soldier ant stings! The soldier ant bites! The soldier ant stings! What do you want to write with? [- acJRTWX or ?*] - You write in the dust with your fingertip. What do you want to write in the dust here? Elbereth The soldier ant bites! The soldier ant stings! The soldier ant bites! The soldier ant stings! You die... Do you want your possessions identified? [ynq] (y) y Do you want to see your attributes? [ynq] (y) y Do you want an account of creatures vanquished? [ynaq] (y) q Major events: Turn 1: Raisse the neutral female gnomish Wizard entered the dungeon 1414: attained the rank of Conjurer (level 3) 3858: entered Sokoban 4215: completed sokoban 1 4894: completed sokoban 2 5082: killed by a soldier ant Inventory: Inventory: 540/675 weight (33/52 slots) Coins $ - 41 gold pieces {1} Weapons a - an uncursed +0 dagger (weapon in hand) {10} J - a blessed +1 quarterstaff (alternate weapon; not wielded) {40} Armor B - an uncursed +0 pair of low boots (being worn) {8} C - an uncursed +0 cloak of magic resistance (being worn) {8} H - an uncursed +0 orcish helm (being worn) {23} Comestibles e - 3 uncursed food rations {60} j - 3 uncursed strange objects {15} k - an uncursed carrot {2} v - 5 uncursed fortune cookies {5} Y - an uncursed lembas wafer {5} Scrolls i - 2 uncursed scrolls of identify {10} A - an uncursed scroll of teleportation {5} O - an uncursed scroll of remove curse {5} P - a cursed scroll of teleportation {5} U - a cursed scroll of earth {5} V - an uncursed scroll of earth {5} Potions o - an uncursed potion of water {20} p - a potion of holy water {20} r - an uncursed potion of invisibility {20} t - an uncursed potion of paralysis {20} u - an uncursed potion of healing {20} w - 2 uncursed potions of fruit juice {40} x - an uncursed potion of full healing {20} D - an uncursed potion of confusion {20} N - a cursed potion of sleeping {20} Rings c - an uncursed ring of warning {3} T - an uncursed ring of cold resistance {3} W - an uncursed ring of poison resistance {3} Wands R - an uncursed wand of digging (0:5) {7} X - an uncursed wand of create monster (0:10) {7} Tools b - an uncursed blindfold {2} l - an uncursed tinning kit (0:89) {100} q - an uncursed lock pick {4} Raisse the Wizard's attributes: Background: You were a Conjurer, a level 5 female gnomish Wizard. You were neutral, on a mission for Thoth who was opposed by Ptah (lawful) and Anhur (chaotic). You were bisexual. You were in Sokoban, on level 3. You entered the dungeon 5082 turns ago. You had 197 experience points, 123 more were needed to attain level 6. Basics: You had 0 out of 40 hit points. You had 4 out of 33 energy points (spell power). Your armor class was 7. Your wallet contained 41 zorkmids. Autopickup was on for '$!?/"=+' plus thrown, with exceptions. Final Characteristics: Your strength was 10 (limit:18/50). Your dexterity was 13 (limit:18). Your constitution was 15 (limit:18). Your intelligence was 19 (limit:19). Your wisdom was 10 (limit:18). Your charisma was 10 (limit:18). Final Status: You were not hungry. You were unencumbered. You were wielding a dagger. You had basic skill with dagger. Final Attributes: You were devoutly aligned. You were magic-protected. You were telepathic. You had infravision. You were warded. You are dead. Miscellaneous: You never encountered a bones level. Total elapsed playing time was 44 minutes and 46 seconds. Vanquished creatures: a soldier ant 2 rock piercers a shrieker 3 giant ants a floating eye a giant bat a hobbit a large kobold a cave spider a brown mold 2 green molds a red mold 3 geckos 2 jackals 4 foxes a kobold 2 goblins a sewer rat 2 grid bugs a bat a lichen 9 newts 42 creatures vanquished. No species were genocided or became extinct. Voluntary challenges: You read items or engraved 5 times. You never genocided any monsters. You never polymorphed an object. You never changed form. You never touched an artifact. You used no wishes. You never scared an enemy with impunity. You were celibate. You never generated conflict. You did not violate any of the special Sokoban rules. Achievements: You entered a shop. You attained the rank of Conjurer. You entered Sokoban. The Dungeons of Doom: levels 1 to 6 Level 1: Some fountains. Level 2: A health food store. Level 3: "spb" An altar. Level 4: Level 5: Level 6: Stairs up to Sokoban, level 5. Sokoban: levels 5 up to 3 Level 3: <- You were here. Unsolved. Final resting place for you, killed by a soldier ant. Level 4: Solved. Level 5: Solved. Game over: __________ / \ / REST \ / IN \ / PEACE \ / \ | Raisse | | 41 Au | | killed by a | | soldier ant | | | | | | 2022 | *| * * * | * _________)/\\_//(\/(/\)/\//\/|_)_______ Goodbye Raisse the Wizard... You died in Sokoban on dungeon level 3 with 1095 points, and 41 pieces of gold, after 5082 moves. You were level 5 with a maximum of 40 hit points when you died.